 Dungeon Crawl Stone Soup version 0.18.1-48-g4cf74bf (webtiles) character file.

819 juanjsm the Insei (level 7, -1/43 HPs)
             Began as an Octopode Transmuter on June 29, 2016.
             Was a Believer of Okawaru.
             Splashed by a jelly's acid (10 damage)
             ... on level 6 of the Dungeon.
             The game lasted 00:23:58 (4669 turns).

juanjsm the Insei (Octopode Transmuter)             Turns: 4669, Time: 00:23:59

Health: -1/43      AC:  1    Str:  9    XL:     7   Next: 95%
Magic:  9/11       EV:  7    Int: 15    God:    Okawaru [**....]
Gold:   315        SH:  0    Dex: 13    Spells: 2 memorised, 8 levels left

rFire  . . .     SeeInvis .       - Unarmed
rCold  . . .     Gourm    .     (no shield)
rNeg   . . .     Faith    .     (helmet restricted)
rPois  .         Spirit   .     (no amulet)
rElec  .         Dismiss  .     l - -2 ring of intelligence (curse)
rCorr  .         Reflect  .     A - ring of sustain attributes
SustAt +         Harm     .     (no ring)
MR     .....                    (no ring)
Stlth  ++........               (no ring)
                                (no ring)
                                (no ring)
                                (no ring)

@: appendage (expiring), very slightly contaminated, not resistant to hostile
enchantments, unstealthy
A: almost no armour, amphibious, 8 rings, constrict 8, tentacle spike 3,
camouflage 1, gelatinous body 1
a: End Transformation, Heroism, Renounce Religion


You were on level 6 of the Dungeon.
You worshipped Okawaru.
Okawaru was pleased with you.
You were not hungry.
One of your tentacles had a temporary spike.
You visited 1 branch of the dungeon, and saw 6 of its levels.

You collected 315 gold pieces.

Inventory:

Hand Weapons
 v - a cursed -3 dagger
 C - a +0 hunting sling
Missiles
 a - 27 arrows
 m - 17 sling bullets
 n - 70 poisoned needles
 w - 3 needles of confusion
Jewellery
 l - a cursed -2 ring of intelligence (left tentacle)
 r - an uncursed amulet of guardian spirit
 A - a ring of sustain attributes (right tentacle)
Scrolls
 d - 3 scrolls of identify {unknown}
 e - 2 scrolls of enchant armour {unknown}
 f - 4 scrolls of teleportation {unknown}
 h - 3 scrolls of remove curse {unknown}
 i - a scroll of magic mapping {unknown}
 k - a scroll of random uselessness {unknown}
 s - a scroll of amnesia {unknown}
 t - a scroll of blinking {unknown}
 y - a scroll of enchant weapon {unknown}
Potions
 g - a potion of cure mutation {unknown}
 p - a potion of lignification {unknown}
 q - 3 potions of degeneration {unknown}
 x - 2 potions of magic
 B - a potion of curing {unknown}
 D - a potion of heal wounds
 F - a potion of beneficial mutation {unknown}
Books
 b - a book of Changes

   Spells                             Type                      Level
   a - Beastly Appendage              Transmutation                1
   b - Sticks to Snakes               Transmutation                2
   c - Spider Form                    Transmutation/Poison         3
   d - Ice Form                       Ice/Transmutation            4
   e - Blade Hands                    Transmutation                5
Comestibles
 c - 6 bread rations
 j - a beef jerky
 o - 3 slices of pizza
 u - 6 fruits
 z - 3 meat rations
 E - 8 chunks of flesh


   Skills:
 - Level 1.1 Fighting
 - Level 2.0 Dodging
 * Level 6.4 Unarmed Combat
 + Level 3.1 Spellcasting
 + Level 5.7 Transmutations
 + Level 2.3 Poison Magic


You had 8 spell levels left.
You knew the following spells:

 Your Spells              Type           Power        Failure   Level  Hunger
a - Beastly Appendage     Trmt           ###...       1%          1    #......
b - Spider Form           Trmt/Pois      ##........   14%         3    ###....


Dungeon Overview and Level Annotations

Branches:
Dungeon (6/15)
 Temple: D:4-7

Altars:
Cheibriados
Dithmenos
Kikubaaqudgha
Okawaru
Trog
Vehumet
Zin
The Shining One

Annotations:
D:2 Sigmund
D:3 TBriggs11TB's ghost, amateur MiMo


Innate Abilities, Weirdness & Mutations

You cannot wear most types of armour.
You are amphibious.
You can wear up to eight rings at the same time.
You can use your tentacles to constrict eight enemies at once.
Your skin changes colour to match your surroundings (Stealth).
Your rubbery body absorbs attacks (AC +1).
One of your tentacles bears a large vicious spike.


Message History

The bat closely misses you.
Found a viscous brown potion.
You closely miss the bat. Your grab misses the bat.
Your tentacle spike misses the bat.
The bat hits you but does no damage.
You tentacle-slap the jelly.
Your tentacles burn!
Your tentacle spike misses the jelly.
The jelly is lightly wounded.
Your transformation is almost over.
The bat closely misses you.
The jelly jiggles.
The jelly hits you.
You are splashed with acid!
The acid burns!
* * * LOW HITPOINT WARNING * * *
The bat hits you but does no damage.
There is a stone staircase leading up here.
The bat hits you.
* * * LOW HITPOINT WARNING * * *
The jelly hits you.
* * * LOW HITPOINT WARNING * * *
You are splashed with acid!
The acid burns!
You die...

#.. .#.!
..... ...
...
..###.######
#.......b@.#
###....J..#
#.......#
#.......#
#.......#
#.......#
#.......#
#########


You could see a jelly and a bat.

Vanquished Creatures
  3 ogres (D:4)
  2 crimson imps (D:5)
  Crazy Yiuf (D:2)
  An orc priest (D:4)
  A hound (D:5)
  An orc wizard (D:3)
  Ijyb (D:2)
  An iguana (D:4)
  A worker ant (D:4)
  3 hound skeletons
  13 adders
  2 oozes
  2 adder skeletons (D:4)
  An adder zombie (D:5)
  5 worms
  2 dart slugs
  4 giant geckos
  13 orcs
  13 bats
  9 giant cockroaches
  8 goblins
  8 hobgoblins
  6 jackals
  5 quokkas
  10 giant newts
  11 kobolds
  5 rats
132 creatures vanquished.

Notes
Turn   | Place    | Note
--------------------------------------------------------------
     0 | D:1      | juanjsm the Octopode Transmuter began the quest for the Orb.
     0 | D:1      | Reached XP level 1. HP: 13/13 MP: 3/3
   125 | D:1      | Reached XP level 2. HP: 16/18 MP: 3/5
   477 | D:1      | Reached skill level 4 in Unarmed Combat
   524 | D:1      | Reached XP level 3. HP: 22/23 MP: 4/6
   538 | D:1      | Learned a level 3 spell: Spider Form
  1245 | D:2      | Noticed Crazy Yiuf
  1257 | D:2      | Killed Crazy Yiuf
  1257 | D:2      | Reached XP level 4. HP: 8/28 MP: 4/7
  1795 | D:2      | Noticed Ijyb
  1810 | D:2      | Killed Ijyb
  1810 | D:2      | Reached skill level 1 in Poison Magic
  1810 | D:2      | Reached XP level 5. HP: 30/33 MP: 4/8
  1969 | D:2      | Found an iron altar of Okawaru.
  1974 | D:2      | Became a worshipper of Warmaster Okawaru
  2002 | D:2      | Noticed Sigmund
  2219 | D:2      | Found an ancient bone altar of Kikubaaqudgha.
  2219 | D:2      | Found a radiant altar of Vehumet.
  2340 | D:2      | Found a glowing silver altar of Zin.
  2419 | D:3      | Found a shadowy altar of Dithmenos.
  2612 | D:3      | Noticed TBriggs11TB's ghost (amateur MiMo)
  2686 | D:3      | Reached XP level 6. HP: 31/38 MP: 5/9
  3396 | D:5      | Entered Level 5 of the Dungeon
  3402 | D:5      | Reached skill level 5 in Transmutations
  3485 | D:4      | Found a bloodstained altar of Trog.
  3485 | D:4      | Found a glowing golden altar of the Shining One.
  3528 | D:4      | Reached skill level 5 in Unarmed Combat
  3534 | D:4      | Reached * piety under Okawaru
  3534 | D:4      | Reached XP level 7. HP: 34/43 MP: 7/10
  4136 | D:4      | Reached skill level 6 in Unarmed Combat
  4583 | D:5      | Found a snail-covered altar of Cheibriados.
  4621 | D:5      | Reached ** piety under Okawaru
  4669 | D:6      | Splashed by a jelly's acid

Skill      XL: |  1  2  3  4  5  6  7 |
---------------+----------------------+-----
Unarmed Combat | 4 5 6 |  6.4
Transmutations | 3 4 5 |  5.7
Poison Magic   | 1 2 |  2.3
Spellcasting   | 3 |  3.1
Fighting       | |  1.1
Dodging        | |  2.0

Action                   |  1- 3 |  4- 6 |  7- 9 || total
-------------------------+-------+-------+-------++-------
Melee: Unarmed           |    84 |   161 |    99 ||   344
       Constrict         |    16 |    32 |    18 ||    66
       Tentacles         |     8 |    17 |    13 ||    38
       Kick              |    10 |    24 |    14 ||    48
       Punch             |     1 |     4 |     3 ||     8
 Cast: Beastly Appendage |    21 |    21 |    15 ||    57
       Spider Form       |     1 |     7 |     3 ||    11
 Abil: End Transformatio |       |     2 |       ||     2
  Use: Potion            |       |     2 |       ||     2
 Stab: Sleeping          |     5 |     5 |     3 ||    13
  Eat: Chunk             |     1 |    10 |     4 ||    15
Armor: Skin              |     5 |    14 |     5 ||    24
Dodge: Dodged            |    58 |   116 |    50 ||   224
